 Dungeon Crawl Stone Soup version 0.30-a0-924-g0ad0bf95bc (webtiles) character file.

Game seed: 6563936847942136457

119 Iniera the Chopper (level 5, -9/32 HPs)
             Began as a Gargoyle Fighter on Mar 22, 2023.
             Killed from afar by Grinder (11 damage)
             ... with a bolt of light
             ... on level 3 of the Dungeon.
             The game lasted 00:03:10 (1950 turns).

Iniera the Chopper (Gargoyle Fighter)               Turns: 1950, Time: 00:03:11

Health: -9/32      AC: 14    Str: 29    XL:     5   Next: 3%
Magic:  5/5        EV:  8    Int: 11    God:
Gold:   292        SH:  0    Dex:  9    Spells: 4/4 levels left

rFire   . . .      SeeInvis +    a - +0 war axe
rCold   . . .      Faith    +    c - +0 buckler
rNeg    + . .      Spirit   .    j - +0 chain mail
rPois   ∞          Reflect  .    f - +0 helmet
rElec   +          Rampage  .    (no cloak)
rCorr   .                        (no gloves)
Will    .....                    (no boots) Stlth
                                 l - amulet of the Princess {Faith Fragile Str+7 Int+3}
HPRegen 0.25/turn                b - ring of see invisible
MPRegen 0.09/turn                (no ring)

@: confused, mighty
A: sickness immunity, AC +4, negative energy resistance 1, electricity
resistance, torment resistance 1, petrification resistance
a: no special abilities


You were on level 3 of the Dungeon.
You visited 1 branch of the dungeon, and saw 3 of its levels.

You collected 292 gold pieces.

Inventory:

Hand Weapons
 a - a +0 war axe (weapon)
Armour
 c - a +0 buckler (worn)
 f - a +0 helmet (worn)
 j - a +0 chain mail (worn)
Jewellery
 b - a ring of see invisible (left hand)
 l - the amulet of the Princess (around neck) {Faith Fragile Str+7 Int+3}
   (You found it on level 2 of the Dungeon)

   [amulet of faith]

   It allows you to gain divine favour quickly.
   Str:       It affects your strength (+7).
   Int:       It affects your intelligence (+3).
   Fragile:   It will be destroyed if unequipped.
Scrolls
 g - a scroll of poison {unknown}
 k - a scroll of immolation {unknown}
 m - 2 scrolls of teleportation {unknown}
 p - a scroll of fear {unknown}
 q - a scroll of amnesia {unknown}
Potions
 e - a potion of brilliance {unknown}
 h - a potion of haste {unknown}
 i - a potion of resistance
 n - a potion of magic {unknown}
 o - 4 potions of curing {unknown}


   Skills:
 - Level 3.2 Fighting
 * Level 4.6 Axes
 - Level 3.2 Armour
 - Level 3.2 Shields


You had 4 spell levels left.
You didn't know any spells.
Your spell library contained the following spells:

 Spells                   Type           Power      Damage    Failure   Level
 Foxfire                  Conj/Fire      0%         2x1d4     94%         1
 Kiss of Death            Conj/Necr      0%         2d5       94%         1
 Confusing Touch          Hex            0%         N/A       100%        3
 Inner Flame              Hex/Fire       0%         N/A       100%        3
 Dispel Undead            Necr           0%         3d6       100%        4
 Flame Wave               Conj/Fire      0%         2d4       100%        4
 Sticky Flame             Conj/Fire      0%         2d3       100%        4
 Fireball                 Conj/Fire      0%         3d3       100%        5
 Yara's Violent Unravell  Hex/Tmut       0%         3d3       100%        5
 Starburst                Conj/Fire      0%         6d3       100%        6
 Enfeeble                 Hex            0%         N/A       100%        7


Dungeon Overview and Level Annotations

Branches:
Dungeon (3/15)

Altars:

Shops:
D:3 :

Annotations:
D:3 3 runed translucent doors, Grinder


Innate Abilities, Weirdness & Mutations

You are immune to sickness and miasma.
Your stone body is resilient. (AC +4)
You are immune to poison.
You resist negative energy. (rN+)
You are resistant to electric shocks. (rElec)
You are resistant to unholy torment.
You are immune to petrification.


Message History

q - a scroll labelled ICIOG BOALO CUOT You now have 292 gold pieces (gained 15).
o - 4 pink potions (gained 2)
Found 4 large rocks.
Found a runed translucent gate.
An orc comes into view. It is wielding a +0 short sword.
Found 2 stones.
The orc shouts!
You block the orc's attack.
You hit the orc but do no damage. The orc hits you but does no damage. x2
You barely miss the orc. The orc hits you but does no damage.
You slash the orc!
You kill the orc!
No target in view!
No target in view!
Things that are here:
a +0 short sword; an orc corpse Grinder comes into view.
She is carrying a wand of light (9).
Grinder shouts!
Grinder gestures at you.
You suddenly lose the ability to move!
Grinder zaps a wand.
The bolt of light hits you!
You can move again.
Unknown command.
Unknown command.
Unknown command.
You feel very mighty all of a sudden.
Grinder zaps a wand.
The bolt of light misses you.
You slash Grinder!
Grinder is moderately wounded.
Grinder hits you.
You writhe in agony.
You closely miss Grinder.
Grinder is moderately wounded.
Grinder zaps a wand.
The bolt of light hits you!!
Ouch! That really hurt!
* * * LOW HITPOINT WARNING * * *
You hit Grinder.
Grinder is moderately wounded.
Grinder blinks!
Grinder zaps a wand.
The bolt of light hits you!
You are confused.
You die...

#.#.......#
#.#.#####.# #.#.#
#.# #.#.#####.#
#.......#.#
###.###.#.# #.#
#.#.# ###
#.###.#.####.....
#......5.@§..#
##############


You could see Grinder.

Vanquished Creatures
  2 orc wizards (D:3)
  5 worms (D:3)
  A dart slug (D:2)
  4 orcs (D:3)
  An endoplasm (D:3)
  4 giant cockroaches
  5 goblins
  2 hobgoblins
  5 jackals (D:1)
  5 quokkas
  3 ball pythons
  4 bats (D:1)
  A frilled lizard (D:1)
  A kobold (D:2)
  2 rats
45 creatures vanquished.

Notes
Turn   | Place    | Note
-------+----------+-------------------------------------------
     0 | D:1      | Iniera the Gargoyle Fighter began the quest for the Orb.
     0 | D:1      | Reached XP level 1. HP: 14/14 MP: 1/1
    18 | D:1      | Reached skill level 2 in Axes
   170 | D:1      | Reached XP level 2. HP: 19/19 MP: 2/2
   327 | D:1      | Found a faded altar of an unknown god.
   476 | D:1      | Reached skill level 3 in Axes
   785 | D:2      | Reached XP level 3. HP: 23/23 MP: 3/3
   878 | D:2      | Identified the amulet of the Princess {Faith Fragile Str+7
                  | Int+3}
  1647 | D:3      | Reached XP level 4. HP: 26/28 MP: 4/4
  1656 | D:3      | Reached skill level 4 in Axes
  1725 | D:3      | Found Onyoqepn's Book Boutique.
  1785 | D:3      | Reached XP level 5. HP: 30/32 MP: 5/5
  1910 | D:3      | Found a runed translucent gate.
  1911 | D:3      | Found a runed translucent gate.
  1911 | D:3      | Found a runed translucent gate.
  1941 | D:3      | Noticed Grinder
  1941 | D:3      | Paralysed by Grinder for 5 turns
  1950 | D:3      | Killed from afar by Grinder

Illustrated notes

Levels and vault maps discovered:
D:1:      dpeg_arrival_refuge, layout_basic, dreamdust_ecumenical_altar_grove,
          minmay_misc_feat_roman
D:2:      layout_basic
D:3:      layout_loops_corners, serial_shops, shop, ebering_ghost_rock_garden,
          minmay_vboxes, uniq_grinder

Skill      XL: |  1  2  3  4 |
---------------+-------------+-----
Axes           | 2 3 4 |  4.6
Fighting       | |  3.2
Armour         | |  3.2
Shields        | |  3.2

Action                     |  1- 3 |  4- 6 || total
---------------------------+-------+-------++-------
  Melee: War axe           |    86 |    31 ||   117
    Use: Scroll            |     2 |       ||     2
         Potion            |       |     1 ||     1
 Armour: Scale mail        |    26 |       ||    26
         Chain mail        |    31 |    14 ||    45
  Dodge: Dodged            |    40 |     9 ||    49
  Block: Buckler           |    15 |     1 ||    16

Table legend: (Time is in decaauts)
 A = Elapsed time spent in this place.
 B = Non-inter-level travel time spent in this place.
 C = Inter-level travel time spent in this place.
 D = Time resting spent in this place.
 E = Time spent auto-exploring this place.
 F = Levels seen in this place.
 G = Mean time per level.
                   A        B        C        D        E       F      G
               +--------+--------+--------+--------+--------+-----+--------+
         Total |   1993 |   1857 |    136 |      0 |   1513 |   3 |  664.3 |
       Dungeon |   1993 |   1857 |    136 |      0 |   1513 |   3 |  664.3 |
               +--------+--------+--------+--------+--------+-----+--------+

Top non-repeatable levels by time:
     D:1: 739 daAuts
     D:2: 674 daAuts
     D:3: 579 daAuts
